 Dungeon Crawl Stone Soup version 0.28.0-43-g3370ac3207 (webtiles) character file.

Game seed: 8216005748979089381

86 zeratav the Insei (level 4, -1/28 HPs)
             Began as an Octopode Transmuter on Apr 1, 2022.
             Slain by Robin
             ... wielding a +0 mace
              (5 damage)
             ... on level 2 of the Dungeon.
             The game lasted 00:04:48 (2265 turns).

zeratav the Insei (Octopode Transmuter)             Turns: 2265, Time: 00:04:49

Health: -1/28      AC:  1    Str:  9    XL:     4   Next: 49%
Magic:  6/7        EV: 13    Int: 17    God:
Gold:   67         SH:  0    Dex: 12    Spells: 7/8 levels left

rFire   . . .      SeeInvis .     - Unarmed
rCold   . . .      Faith    .   (no shield)
rNeg    . . .      Spirit   .   (helmet currently unavailable)
rPois   .          Reflect  .   (no amulet)
rElec   .          Harm     .   c - ring of resist corrosion
rCorr   +          Rampage  .   (no ring)
Will    .....                   (no ring)
Stlth   ++........              (no ring)
HPRegen 0.09/turn               (no ring)
MPRegen 0.10/turn               (no ring)
                                (no ring)
                                (no ring)

@: appendages
A: tentacle spike 3, almost no armour, amphibious, 8 rings, camouflage 1,
gelatinous body 1, (nimble swimmer 1), tentacles
a: End Transformation


You were on level 2 of the Dungeon.
One of your tentacles had grown a beastly spike.
You visited 1 branch of the dungeon, and saw 2 of its levels.

You collected 67 gold pieces.

Inventory:

Hand Weapons
 b - a +0 hunting sling
Jewellery
 c - a ring of resist corrosion (left tentacle)
Scrolls
 d - a scroll of holy word {unknown}
Potions
 a - a potion of attraction {unknown}
 e - a potion of ambrosia {unknown}


   Skills:
 + Level 1.4 Fighting
 + Level 2.3 Dodging
 + Level 0.8 Stealth
 + Level 3.6 Unarmed Combat
 + Level 2.5 Spellcasting
 + Level 2.3 Transmutations
 * Level 2.0 Poison Magic


You had 7 spell levels left.
You knew the following spells:

 Your Spells              Type           Power      Damage    Failure   Level
a - Beastly Appendage     Tmut           20%        N/A       7%          1

Your spell library contained the following spells:

 Spells                   Type           Power      Damage    Failure   Level
 Wereblood                Tmut           10%        N/A       11%         2
 Spider Form              Tmut/Pois      9%         N/A       22%         3
 Ice Form                 Ice/Tmut       6%         N/A       75%         4


Dungeon Overview and Level Annotations

Branches:
Dungeon (2/15)

Altars:

Annotations:
D:2 Robin


Innate Abilities, Weirdness & Mutations

One of your tentacles has grown a beastly spike.
You cannot wear most types of armour.
You are amphibious.
You can wear up to eight rings at the same time.
Your skin changes colour to match your surroundings (Stealth+).
Your rubbery body absorbs attacks. (AC +1, EV +1)
((You are camouflaged when in or above water. (Stealth+)))
You have tentacles for arms and can constrict up to eight enemies at once.


Message History

You kill the hobgoblin!
Robin throws the goblin at you!
Casting: Beastly Appendage (safe; 7% risk of failure)
Confirm with . or Enter, or press ? or * to list all spells.
One of your tentacles grows a vicious spike.
The goblin barely misses you. The goblin hits you with a +0 dagger.
You tentacle-slap the goblin. Your grab misses the goblin.
The goblin is heavily wounded.
The goblin hits you with a +0 club.
A dart slug comes into view.
The goblin closely misses you.
You closely miss the goblin. You grab the goblin.
The goblin is heavily wounded.
You constrict the goblin.
You kill the goblin!
The goblin hits you with a +0 club!
You tentacle-slap the goblin. Your grab misses the goblin.
You pierce the goblin.
You kill the goblin!
Robin's bangles clink loudly.
Robin throws the goblin at you! The dart slug launches a dart at you.
The slug dart hits you.
* * * LOW HITPOINT WARNING * * *
The goblin barely misses you.
You tentacle-slap the goblin.
You kill the goblin!
A ball python comes into view.
The ball python hisses angrily.
You tentacle-slap Robin but do no damage.
You grab Robin.
You pierce Robin.
Robin is moderately wounded.
You constrict Robin.
You hear a shout!
Robin hits you with a +0 mace.
* * * LOW HITPOINT WARNING * * *
You tentacle-slap Robin. x2; You squeeze Robin.
Robin is severely wounded.
You constrict Robin, but do no damage. Robin hits you with a +0 mace.
You die...

#.# g.# #.# ..#
#.# ..# #.# #.#
#.# #.# #.# #.#
#.# #.# #.########
#)# #........# #@#
########.###g#####
#.#....!..###
##'#.#S##....#
#......).....#
#............#
#........g....
#.........gg..
..............:


You could see Robin and a ball python.

Vanquished Creatures
  Jessica (D:2)
  An adder (D:2)
  4 bats (D:1)
  4 endoplasms
  A giant cockroach (D:1)
  11 goblins
  8 hobgoblins
  2 quokkas
  2 ball pythons
  6 frilled lizards (D:1)
  2 kobolds (D:1)
  2 rats (D:1)
44 creatures vanquished.

Vanquished Creatures (others)
  A plant (D:2)
1 creature vanquished.

Grand Total: 45 creatures vanquished

Notes
Turn   | Place    | Note
-------+----------+-------------------------------------------
     0 | D:1      | zeratav the Octopode Transmuter began the quest for the
                  | Orb.
     0 | D:1      | Reached XP level 1. HP: 13/13 MP: 3/3
    76 | D:1      | Reached skill level 1 in Poison Magic
    76 | D:1      | Reached XP level 2. HP: 4/18 MP: 3/5
  1153 | D:1      | Reached XP level 3. HP: 17/23 MP: 6/6
  1769 | D:2      | Noticed Jessica
  1780 | D:2      | Killed Jessica
  1781 | D:2      | Reached XP level 4. HP: 16/28 MP: 7/7
  2236 | D:2      | Noticed Robin
  2265 | D:2      | Slain by Robin

Illustrated notes

Levels and vault maps discovered:
D:1:      matt_arrival_debris, layout_rooms, shapermc_ecumenical_altar_petra,
          grunt_decor_mini_mirrors, minmay_lizard_pond
D:2:      layout_basic, kennysheep_small_spiral, chequers_serial_rivers_micro_c,
          kennysheep_flooded_box, serial_bayou_pond_c, grunt_ministairs_1,
          uniq_jessica, uniq_crazy_yiuf_cottage, uniq_robin, uniq_natasha

Skill      XL: |  1  2  3  4 |
---------------+-------------+-----
Poison Magic   | 1 2 |  2.0
Fighting       | |  1.4
Dodging        | |  2.3
Stealth        | |  0.8
Unarmed Combat | |  3.6
Spellcasting   | |  2.5
Transmutations | |  2.3

Action                   |  1- 3 |  4- 6 || total
-------------------------+-------+-------++-------
Melee: Unarmed           |    70 |    26 ||    96
       Constrict         |    17 |     5 ||    22
       Tentacles         |    15 |     4 ||    19
       Kick              |     8 |     3 ||    11
       Punch             |     2 |     1 ||     3
 Cast: Beastly Appendage |     6 |     3 ||     9
 Stab: Sleeping          |     2 |       ||     2
Armor: Skin              |    10 |     4 ||    14
Dodge: Dodged            |    50 |    14 ||    64
